 Dungeon Crawl Stone Soup version 0.15.0-14-g6bbbb5c (console) character file.

44 gw the Insei (level 3, -2/29 HPs)
             Began as a Demonspawn Monk on Sept 4, 2014.
             Slain by a gnoll
             ... wielding a +0 spear
              (3 damage)
             ... on Level 1 of the Dungeon.
             The game lasted 00:00:32 (1152 turns).

gw the Insei (Demonspawn Monk)                      Turns: 1152, Time: 00:00:32

HP  -2/29        AC  2     Str 11      XL: 3   Next: 39%
MP   3/3         EV 13     Int 11      God:
Gold 0           SH  0     Dex 18      Spells:  0 memorised,  2 levels left

rFire  . . .     SeeInvis .       - Unarmed
rCold  . . .     Clarity  +     a - +0 robe
rNeg   . . .     rCorr    .     (no shield)
rPois  .         rRot     .     (no helmet)
rElec  .         Spirit   .     (no cloak)
SustAb .         Warding  .     (no gloves)
rMut   .         Stasis   .     (no boots)
Gourm  .                        l - amulet of clarity
MR     .....                    (no ring)
                                (no ring)

@: not resistant to hostile enchantments, unstealthy
A: talons 1, agile 1
a: no special abilities


You were on level 1 of the Dungeon.
You were hungry.

You visited 1 branch of the dungeon, and saw 2 of its levels.

Inventory:

Missiles
 f - 5 stones (quivered)
Armour
 a - a +0 robe (worn)
Comestibles
 b - a bread ration
 c - a beef jerky
 k - 2 meat rations
Scrolls
 h - 3 scrolls of remove curse
Jewellery
 l - an amulet of clarity (around neck)
Potions
 e - a potion of restore abilities


   Skills:
 + Level 3.3 Fighting
 + Level 1.0 Throwing
 + Level 0.6 Armour
 - Level 2.6 Dodging
 - Level 1.7 Stealth
 * Level 4.1 Unarmed Combat


You had 2 spell levels left.
You didn't know any spells.

Dungeon Overview and Level Annotations

Branches:
Dungeon (2/15)

Altars:


Innate Abilities, Weirdness & Mutations

You have sharp toenails.
You are agile. (Dex +2)


Message History

The gnoll hits you.
FLEEEEING!
ATTACKING (0,1)
You barely miss the gnoll. Your kick misses the gnoll.
The gnoll is heavily wounded.
The gnoll hits you but does no damage. The gnoll barely misses you.
FLEEEEING!
ATTACKING (0,1)
You punch the gnoll!
You kill the gnoll!
The gnoll barely misses you.
MOVING TO (1,8)
The gnoll hits you with a spear!
You see here a gnoll corpse.
FLEEEEING!
ATTACKING (0,1)
You hit the gnoll. Your kick misses the gnoll.
The gnoll is lightly wounded.
The gnoll hits you with a spear.
You die...

### #######.# #.......#
##.####.# #.# #.# #.# #.#
#.# #6#
###.####g################
#......%.................
#)#.####.###.....####....
#.#.####.###.....########
#.#........'.....'.......
#.######.###.....######..
#>.........'.....'....+..
############.....######..


You could see a gnoll.

Table legend:
 A = Turns spent in this place as a percentage of turns spent in the entire game.
 B = Non-inter-level travel turns spent in this place as a percentage of non-inter-level travel turns spent in the entire game.
 C = Inter-level travel turns spent in this place as a percentage of turns spent in this place.
 D = Turns resting spent in this place as a percentage of non-inter-level travel turns spent in this place.
 E = Turns spent auto-exploring this place as a percentage of non-inter-level travel turns spent in this place.
 F = Non-inter-level travel turns spent in this place divided by the number of levels of this place that you've seen.
                   A       B       C       D       E      F
               +-------+-------+-------+-------+-------+----------------------
         Total | 100.0 | 100.0 |   1.8 |   6.9 |  14.4 | 138.5
       Dungeon | 100.0 | 100.0 |   1.8 |   6.9 |  14.4 | 138.5
               +-------+-------+-------+-------+-------+----------------------

Table legend:
 A = Kills in this place as a percentage of kills in entire the game.
 B = Kills by you in this place as a percentage of kills by you in the entire game.
 C = Kills by friends in this place as a percentage of kills by friends in the entire game.
 D = Other kills in this place as a percentage of other kills in the entire game.
 E = Experience gained in this place as a percentage of experience gained in the entire game.
 F = Experience gained in this place divided by the number of levels of this place that you have seen.
                   A       B       C       D       E      F
               +-------+-------+-------+-------+-------+----------------------
         Total | 100.0 | 100.0 |  -nan |  -nan | 100.0 |  31.5
       Dungeon | 100.0 | 100.0 |  -nan |  -nan | 100.0 |  31.5
               +-------+-------+-------+-------+-------+----------------------

Vanquished Creatures
  2 gnolls
  An ooze (D:1)
  3 ball pythons (D:1)
  5 bats (D:1)
  3 giant cockroaches (D:1)
  A goblin (D:1)
  2 hobgoblins (D:1)
  3 jackals (D:1)
  2 kobolds (D:1)
  2 rats (D:1)
24 creatures vanquished.

Notes
Turn   | Place    | Note
--------------------------------------------------------------
     0 | D:1      | gw, the Demonspawn Monk, began the quest for the Orb.
     0 | D:1      | Reached XP level 1. HP: 18/18 MP: 1/1
   281 | D:1      | Gained mutation: You have sharp toenails. [demonic ancestry]
   281 | D:1      | Reached XP level 2. HP: 22/24 MP: 2/2
   712 | D:1      | Reached skill level 4 in Unarmed Combat
  1061 | D:1      | Gained mutation: You are agile. (Dex +2) [potion of beneficial mutation]
  1090 | D:2      | Reached skill level 1 in Throwing
  1090 | D:2      | Reached XP level 3. HP: 29/29 MP: 3/3
  1151 | D:1      | HP: 1/29 [gnoll/spear (9)]
  1152 | D:1      | Slain by a gnoll

Action                   || total
-------------------------++-------
Melee: Unarmed           ||    58
Throw: Stone             ||    34
  Use: Scroll            ||     4
       Potion            ||     4

Vault maps used:
D:1:      lemuel_arrival_funnel, kennysheep_small_spiral, grunt_decor_one_mirror
D:2:      first_bread, uniq_sigmund
